 Dungeon Crawl Stone Soup version 0.31-a0-229-g1fc7ce93e2 (webtiles) character file.

Game seed: 15706624891862307602

49 qw the Shooter (level 3, -4/21 HPs)
             Began as a Gargoyle Hexslinger on July 6, 2023.
             Slain by a gnoll
             ... wielding a +0 halberd
              (10 damage)
             ... on level 2 of the Dungeon.
             The game lasted 00:00:19 (1146 turns).

qw the Shooter (Gargoyle Hexslinger)                Turns: 1146, Time: 00:00:20

Health: -4/21      AC:  7    Str: 11    XL:     3   Next: 77%
Magic:  4/4        EV: 11    Int: 13    God:
Gold:   59         SH:  0    Dex: 14    Spells: 3/4 levels left

rFire   . . .        Y - +1 sling
rCold   . . .        (no shield)
rNeg    + . .        i - +0 leather armour
rPois   inf          (no helmet)
rElec   +            (no cloak)
rCorr   .            e - +0 pair of gloves
SInv    .            (no boots)
Will    .....        (no amulet)
Stlth   +            (no ring)
HPRegen 0.23/turn    (no ring)
MPRegen 0.09/turn

%: no passive effects
@: no status effects
A: sickness immunity, AC +3, negative energy resistance 1, electricity
resistance, torment resistance 1, petrification resistance
a: no special abilities


You were on level 2 of the Dungeon.
You visited 1 branch of the dungeon, and saw 2 of its levels.

You collected 59 gold pieces.


Innate Abilities, Weirdness & Mutations

You are immune to sickness and miasma.
Your stone body is resilient. (AC +3)
You are immune to poison.
You resist negative energy. (rN+)
You are resistant to electric shocks. (rElec)
You are resistant to unholy torment.
You are immune to petrification.


   Skills:
 - Level 2.1 Fighting
 + Level 3.5 Ranged Weapons
 - Level 1.5 Dodging
 - Level 1.0 Spellcasting
 - Level 2.6 Hexes


You had 3 spell levels left.
You knew the following spells:

 Your Spells              Type           Power      Damage    Failure   Level
a - Slow                  Hex            28%        N/A       12%         1

Your spell library contained the following spells:

 Spells                   Type           Power      Damage    Failure   Level
 Inner Flame              Hex/Fire       4%         N/A       54%         3
 Portal Projectile        Hex/Tloc       8%         N/A       54%         3
 Cause Fear               Hex            3%         N/A       77%         4

Inventory:

Hand Weapons
 Y - a +1 sling (weapon)
Armour
 e - a +0 pair of gloves (worn)
 g - a scarf of repulsion
 i - a +0 leather armour (worn)
Scrolls
 b - a scroll of teleportation {unknown}
 c - a scroll of enchant weapon {unknown}
 h - a scroll of immolation {unknown}
Potions
 a - a potion of might {unknown}
 d - 2 potions of curing
 f - a potion of brilliance {unknown}

Dungeon Overview and Level Annotations

Branches:
Dungeon (2/15)

Altars:

Annotations:
D:2 exclusion: gnoll


Message History

Enter note: You shoot a sling bullet.
The sling bullet hits the gnoll!
The gnoll shouts!
The gnoll is heavily wounded.
A gnoll comes into view. It is wielding a +0 whip.
You shoot a sling bullet.
The sling bullet closely misses the gnoll.
You shoot a sling bullet. The sling bullet hits the gnoll.
The gnoll is almost dead.
A gnoll comes into view. It is wielding a +0 halberd.
You shoot a sling bullet. The sling bullet hits the gnoll.
You kill the gnoll!
You shoot a sling bullet. The sling bullet hits the gnoll.
The gnoll is moderately wounded.
You shoot a sling bullet. The sling bullet hits the gnoll.
The gnoll is almost dead.
You shoot a sling bullet.
The sling bullet closely misses the gnoll.
You shoot a sling bullet. The sling bullet hits the gnoll.
You kill the gnoll!
The gnoll closely misses you.
You shoot a sling bullet.
The sling bullet barely misses the gnoll.
The gnoll hits you from afar with a +0 halberd!
You shoot a sling bullet.
The sling bullet barely misses the gnoll.
The gnoll hits you but does no damage. The gnoll barely misses you.
You shoot a sling bullet.
The sling bullet hits the gnoll but does no damage.
The gnoll barely misses you.
You shoot a sling bullet. The sling bullet hits the gnoll!
The gnoll is heavily wounded.
The gnoll hits you from afar with a +0 halberd!
Enter note:
Enter note:
Enter note:
1146 ||| UPGRADING to scarf of repulsion.
The gnoll hits you from afar with a +0 halberd!
Keep equipping yourself?
You die...

#.##########.##.#'##.#.........#.
#.# #.##.#.##.####...#..#. #.#
#.##.#.##.####......#. #.#
####.##.#.##.........###. #.#
#....##.#.........#......
#.#######....##.############.####
........+............... #.#
#.#######....##....)### #.# #[#
#....##.@.g## #.# #.#
####.##.)..# ..# #.# #.......#
### #.# #######..######
#.####)...#...# #.#..........##
#.#.##.....### #.#.####.###
#........#


You could see a gnoll.

Vanquished Creatures
  2 gnolls (D:2)
  An adder (D:2)
  5 endoplasms
  2 goblins (D:1)
  A hobgoblin (D:1)
  3 jackals (D:1)
  2 kobolds (D:1)
  A quokka (D:1)
  A ball python (D:1)
  A bat (D:1)
  A rat (D:2)
20 creatures vanquished.

Notes
Turn   | Place    | Note
-------+----------+-------------------------------------------
     0 | D:1      | qw the Gargoyle Hexslinger began the quest for the Orb.
     0 | D:1      | Reached XP level 1. HP: 12/12 MP: 2/2
     0 | D:1      | 0 ||| qw: Version: 0.3-a-46-gb1f654a
     0 | D:1      | 0 ||| qw: Game counter: 1640
     0 | D:1      | 0 ||| qw: Melee chars always use a shield: true
     0 | D:1      | 0 ||| qw: God list: Okawaru
     0 | D:1      | 0 ||| qw: Allow faded altars: false
     0 | D:1      | 0 ||| qw: Do Orc after clearing Dungeon:15 true
     0 | D:1      | 0 ||| qw: Do second Lair branch before Depths: true
     0 | D:1      | 0 ||| qw: Lair rune preference: random
     0 | D:1      | 0 ||| qw: Goals: Normal
     0 | D:1      | 0 ||| PLANNING D:1-11
    79 | D:1      | 79 ||| DRINKING 2 sapphire potions.
    80 | D:1      | 80 ||| DROPPING scroll of poison.
    85 | D:1      | Reached XP level 2. HP: 16/16 MP: 3/3
   440 | D:1      | Reached skill level 3 in Ranged Weapons
   546 | D:1      | 546 ||| UPGRADING to +0 pair of gloves.
   551 | D:1      | 551 ||| UPGRADING to +0 leather armour.
   561 | D:1      | 561 ||| DROPPING +0 robe.
   562 | D:1      | 562 ||| READING scroll labelled UTUON US IPPEL.
   563 | D:1      | 563 ||| READING scroll labelled ZERINO ISEUZUDD.
   564 | D:1      | 564 ||| DRINKING 2 bubbling brown potions.
   614 | D:1      | 614 ||| DROPPING potion of lignification.
   647 | D:2      | 647 ||| STAIRDANCE
   875 | D:2      | Reached XP level 3. HP: 21/21 MP: 4/4
  1146 | D:2      | 1146 ||| UPGRADING to scarf of repulsion.
  1146 | D:2      | Slain by a gnoll

Levels and vault maps discovered:
D:1:      dpeg_arrival_short_road, layout_basic, minmay_misc_feat_tower
D:2:      layout_basic

Skill      XL: |  1  2 |
---------------+-------+-----
Ranged Weapons | 3 |  3.5
Fighting       | 2 |  2.1
Dodging        | |  1.5
Spellcasting   | |  1.0
Hexes          | |  2.6

Action                     || total
---------------------------++-------
   Fire: Sling             ||    62
    Use: Potion            ||     2
         Scroll            ||     2
 Armour: Leather armour    ||     7
         Robe              ||     3
  Dodge: Dodged            ||    15

Table legend:
 A = Non-vault XP
 B = Vault XP
 C = Vault XP percentage of total XP
 D = Non-vault monster count
 E = Vault monster count
 F = Vault count percentage of total count
                 A         B        C        D         E       F
            +---------+---------+-------+---------+---------+-------
      Total |      71 |       0 |   0.0 |      20 |       0 |   0.0
            +---------+---------+-------+---------+---------+-------
        D:1 |      23 |       0 |   0.0 |      13 |       0 |   0.0
        D:2 |      48 |       0 |   0.0 |       7 |       0 |   0.0
            +---------+---------+-------+---------+---------+-------
